 Dungeon Crawl Stone Soup version 0.27-a0-1557-g57f10a385c (webtiles) character file.

Game seed: 18056631569930368274

2 Sopht the Sneak (level 1, 0/16 HPs)
             Began as a Vampire Brigand on July 16, 2021.
             Succumbed to a kobold's poison
             ... on level 1 of the Dungeon.
             The game lasted 00:02:11 (231 turns).

Sopht the Sneak (Vampire Brigand)                    Turns: 231, Time: 00:02:11

Health: 0/16       AC:  3    Str: 10    XL:     1   Next: 25%
Magic:  1/1        EV: 12    Int: 13    God:
Gold:   3          SH:  0    Dex: 15    Spells: 0/0 levels left

rFire    . . .     SeeInvis +   a - +2 dagger
rCold    . . .     Faith    .   (no shield)
rNeg     . . .     Spirit   .   b - +0 robe
rPois    .         Reflect  .   (no helmet)
rElec    .         Harm     .   c - +0 cloak
rCorr    .         Rampage  .   (no gloves)
Will     .....                  (no boots)
Stlth    +++.......             (no amulet)
HPRegen  0.25/turn              (no ring)
MPRegen  0.07/turn              (no ring)

@: lethally poisoned (0 -> -13), healing quickly
A: alive, fangs 3, see invisible, vampiric 1
a: Exsanguinate


You were on level 1 of the Dungeon.
You visited 1 branch of the dungeon, and saw 1 of its levels.

You collected 3 gold pieces.

Inventory:

Hand Weapons
 a - a +2 dagger (weapon)
Missiles
 d - 8 poisoned darts (quivered)
 e - 2 curare-tipped darts
 h - 18 stones
Armour
 b - a +0 robe (worn)
 c - a +0 cloak (worn)
Scrolls
 g - a scroll of summoning {unknown}
Potions
 f - a potion of curing {unknown}


   Skills:
 + Level 1.8 Fighting
 + Level 2.1 Short Blades
 + Level 1.5 Throwing
 + Level 1.1 Dodging
 + Level 6.0 Stealth


You couldn't memorise any spells.
You didn't know any spells.
Your spell library was empty.

Dungeon Overview and Level Annotations

Branches:
Dungeon (1/15)

Altars:


Innate Abilities, Weirdness & Mutations

Your natural rate of healing is accelerated.
You have razor-sharp teeth.
You have supernaturally acute eyesight. (SInv)
You are afflicted with vampirism.


Message History

You see here 18 stones.
You see here 18 stones.
h - 18 stones You open the door.
There is an open door here.
You open the door.
There is an open door here.
You open the door.
Found a stone staircase leading down.
There is an open door here.
You open the door.
Found 3 gold pieces.
There is an open door here.
You now have 3 gold pieces.
A kobold comes into view.
It is wielding a +0 short sword of venom.
Press: ? - help, v - describe, . - travel
Here: a demonic plant The floor.
The kobold shouts!
Press: ? - help, v - describe, . - travel
Here: a withered plant The floor.
You closely miss the kobold. The kobold misses you.
You closely miss the kobold.
The kobold hits you with a +0 short sword of venom.
You are poisoned.
You closely miss the kobold.
You feel sick.
The kobold hits you with a +0 short sword of venom.
You are lethally poisoned!
You barely miss the kobold.
You feel sick. The kobold hits you but does no damage.
Keep bloodletting?
You feel very sick. The kobold hits you but does no damage.
You begin bloodletting.
You continue bloodletting.
* * * LOW HITPOINT WARNING * * *
You feel sick. The kobold hits you but does no damage.
You are more poisoned.
You continue bloodletting.
You die...

##### .... ###
..###....
###.#.P.....
###+#####..##...PP.P
#.........#.@PP.....
#.........#.PK...PP.
#.........#.P..P....
#..........##P.P..P.
#.........## .....P.
######+#####.#
###....
##......#####'##
####
.'......#......#
##......#......#


You could see a kobold.

Vanquished Creatures
  A goblin (D:1)
  A frilled lizard (D:1)
2 creatures vanquished.

Notes
Turn   | Place    | Note
-------+----------+-------------------------------------------
     0 | D:1      | Sopht the Vampire Brigand began the quest for the Orb.
     0 | D:1      | Reached XP level 1. HP: 16/16 MP: 1/1
    44 | D:1      | Reached skill level 6 in Stealth
   231 | D:1      | Succumbed to a kobold's poison

Illustrated notes

Levels and vault maps discovered:
D:1:      dpeg_arrival_circle_labyrinth_a, layout_basic,
          shapermc_ecumenical_altar_gd

Skill      XL: |  1 |
---------------+----+-----
Stealth        | 6 |  6.0
Fighting       | |  1.8
Short Blades   | |  2.1
Throwing       | |  1.5
Dodging        | |  1.1

Action                   || total
-------------------------++-------
Melee: Dagger            ||     9
Throw: Dart              ||     4
 Abil: Exsanguinate      ||     1
Armor: Robe              ||     4
Dodge: Dodged            ||     2

Table legend: (Time is in decaauts)
 A = Elapsed time spent in this place.
 B = Non-inter-level travel time spent in this place.
 C = Inter-level travel time spent in this place.
 D = Time resting spent in this place.
 E = Time spent auto-exploring this place.
 F = Levels seen in this place.
 G = Mean time per level.
                   A        B        C        D        E       F      G
               +--------+--------+--------+--------+--------+-----+--------+
         Total |    229 |    229 |      0 |      0 |     26 |   1 |  229.0 |
       Dungeon |    229 |    229 |      0 |      0 |     26 |   1 |  229.0 |
               +--------+--------+--------+--------+--------+-----+--------+

Top non-repeatable levels by time:
     D:1: 229 daAuts
